 Dungeon Crawl Stone Soup version 0.20-a0-809-gaf7f668 (console) character file.

96 nht the Twirler (level 4, -4/33 HPs)
             Began as a Demonspawn Gladiator on Mar 3, 2017.
             Killed from afar by an orc wizard (10 damage)
             ... with a magic dart
             ... on level 3 of the Dungeon.
             The game lasted 00:01:45 (1691 turns).

nht the Twirler (Demonspawn Gladiator)              Turns: 1691, Time: 00:01:46

Health: -4/33      AC:  4    Str: 15    XL:     4   Next: 41%
Magic:  4/4        EV: 12    Int: 10    God:
Gold:   175        SH:  0    Dex: 14    Spells: 3/3 levels left

rFire    . . .     SeeInvis .   a - +0 quarterstaff
rCold    . . .     Gourm    .   b - +0 leather armour
rNeg     . . .     Faith    .   (shield currently unavailable)
rPois    .         Spirit   .   c - +0 helmet
rElec    .         Reflect  .   (no cloak)
rCorr    .         Harm     .   (no gloves)
MR       .....                  (no boots)
Stlth    +.........             (no amulet)
Regen    0.2/turn               (no ring)
MPRegen  0.1/turn               (no ring)

@: slowed, very slow
A: claws 1, rot immunity
a: no special abilities


You were on level 3 of the Dungeon.
You were hungry.

You visited 1 branch of the dungeon, and saw 3 of its levels.

You collected 175 gold pieces.

Inventory:

Hand Weapons
 a - a +0 quarterstaff (weapon)
Missiles
 d - 3 throwing nets (quivered)
Armour
 b - a +0 leather armour (worn)
 c - a +0 helmet (worn)
Scrolls
 e - a scroll of magic mapping {unknown}
 h - 2 scrolls of identify {unknown}
 j - a scroll of teleportation {unknown}
 l - a scroll of amnesia {unknown}
 n - 2 scrolls of immolation {unknown}
 q - a scroll of fear {unknown}
 r - a scroll of remove curse {unknown}
 s - a scroll of fog {unknown}
Potions
 k - a potion of lignification
 m - 2 potions of curing {unknown}
 o - 2 potions of resistance {unknown}
 p - a potion of mutation {unknown}
Comestibles
 f - a bread ration
 i - a meat ration


   Skills:
 - Level 2.0 Fighting
 + Level 4.7 Staves
 - Level 1.7 Throwing
 - Level 2.6 Dodging


You had 3 spell levels left.
You didn't know any spells.

Dungeon Overview and Level Annotations

Branches:
Dungeon (3/15)

Altars:


Innate Abilities, Weirdness & Mutations

You have sharp fingernails.
You are immune to rotting.


Message History

You barely miss the orc wizard.
The orc wizard is almost dead.
The orc wizard hits you but does no damage. x2
The orc wizard hits you with a dagger.
You miss the orc wizard.
The orc wizard is almost dead.
You feel yourself speed up.
The orc wizard gestures wildly while chanting.
The orc wizard blinks!
The orc wizard gestures at you while chanting.
The magic dart hits you!
* * * LOW HITPOINT WARNING * * *
Items here: )) ††† a club; a mace; a hobgoblin corpse; a goblin corpse; an orc corpse You aren't carrying any items that you can evoke.
The orc wizard gestures at you while chanting.
You feel yourself slow down.
The orc wizard gestures at you while chanting.
The magic dart hits you!
You die...

█.<.█ █.█ █.█.█ █.█
█.█.█ █.█ █.█>█ █.█
█.█.██ █.█
██.█..███.█
█...█..██.█ █
████████...██....█
█.██.§@.......████).█
█.█..██████...█ █..█
...██......████...█
██.█
..............█████
█.█ ............█...
█.█ %...o.(.....█ ██
█.█ ..........>.█
██.██ ........(...█
█...█ ............█
█[..█


You could see an orc wizard.

Vanquished Creatures
  4 adders
  An ooze (D:2)
  2 worms (D:2)
  2 orcs (D:3)
  A ball python (D:1)
  3 bats (D:1)
  3 giant cockroaches
  9 goblins
  5 hobgoblins
  4 jackals (D:1)
  4 kobolds (D:1)
  A quokka (D:2)
  3 frilled lizards (D:1)
  3 rats
45 creatures vanquished.

Notes
Turn   | Place    | Note
-------+----------+-------------------------------------------
     0 | D:1      | nht the Demonspawn Gladiator began the quest for the Orb.
     0 | D:1      | Reached XP level 1. HP: 16/16 MP: 1/1
   207 | D:1      | Reached skill level 3 in Staves
   252 | D:1      | Gained mutation: You are immune to rotting. [demonic ancestry]
   252 | D:1      | Reached XP level 2. HP: 22/22 MP: 2/2
   636 | D:2      | Reached XP level 3. HP: 24/27 MP: 3/3
   641 | D:2      | Reached skill level 4 in Staves
   996 | D:2      | Gained mutation: You have sharp fingernails. [demonic ancestry]
   996 | D:2      | Reached XP level 4. HP: 27/33 MP: 4/4
  1691 | D:3      | Killed from afar by an orc wizard

Vault maps used:
D:1:      minmay_arrival_open_corners, minmay_statues_item
D:3:      old_standard_altar, okawaru_gym_becter

Skill      XL: |  1  2  3 |
---------------+----------+-----
Staves         | 3 4 |  4.7
Fighting       | |  2.0
Throwing       | |  1.7
Dodging        | |  2.6

Action                   |  1- 3 |  4- 6 || total
-------------------------+-------+-------++-------
Melee: Quarterstaff      |    95 |    50 ||   145
  Use: Potion            |       |     1 ||     1
 Stab: Sleeping          |     2 |       ||     2
  Eat: Chunk             |       |     2 ||     2
Armor: Leather armour    |    30 |    10 ||    40
       Skin              |       |     2 ||     2
Dodge: Dodged            |    59 |    22 ||    81
